 Dungeon Crawl Stone Soup version 0.15.0-23-gc2b521c (console) character file.

179476 gw the Warrior (level 17, 0/168 HPs)
             Began as a Minotaur Gladiator on Sept 9, 2014.
             Was an Elder of Trog.
             Killed by Olgreb's Toxic Radiance
             ... invoked by a naga ritualist
              (5 damage)
             ... on Level 5 of the Snake Pit.
             The game lasted 00:51:13 (45406 turns).

gw the Warrior (Minotaur Gladiator)                Turns: 45406, Time: 00:51:13

HP   0/168       AC 39     Str 23      XL: 17   Next: 61%
MP   6/6         EV  8     Int  5      God: Trog [****..]
Gold 0           SH  0     Dex 19      Spells:  0 memorised, 16 levels left

rFire  . . .     SeeInvis +     b - +9 lajatang of Orb Guardian's Bane {slice, Dex+2}
rCold  + . .     Clarity  .     r - +7 plate armour
rNeg   . . .     rCorr    +     (no shield)
rPois  .         rRot     .     c - +2 hat
rElec  .         Spirit   .     l - +2 cloak {MR+}
SustAb .         Warding  .     B - +2 pair of gloves
rMut   .         Stasis   .     w - +2 pair of boots
Gourm  .                        Z - amulet of resist corrosion
MR     ++++.                    L - ring of protection from cold
                                N - ring of see invisible

@: lethally poisoned, regenerating, incredibly resistant to hostile
enchantments, extremely unstealthy
A: retaliatory headbutt, horns 2, strong 1
a: Burn Spellbooks, Berserk, Trog's Hand, Brothers in Arms, Renounce Religion


You were on level 5 of the Snake Pit.
You worshipped Trog.
Trog was greatly pleased with you.
You were near starving.

You visited 5 branches of the dungeon, and saw 33 of its levels.
You also visited: Ossuary and Ice Cave.

Inventory:

Hand weapons
 b - the +9 lajatang of Orb Guardian's Bane (weapon) {slice, Dex+2}
   (Trog gifted it to you on level 4 of the Orcish Mines)

   It inflicts extra damage upon your enemies.
   It affects your dexterity (+2).
Missiles
 a - 24 tomahawks
 d - 5 throwing nets
 p - 760 stones
 t - 8 silver tomahawks
 z - 5 poisoned tomahawks
 G - 36 tomahawks of returning
 R - 8 tomahawks of dispersal
 T - 7 javelins (quivered)
 U - 8 javelins of penetration
 V - 8 silver javelins
Armour
 c - a +2 hat (worn)
 l - a +2 cloak of magic resistance (worn)
 r - a +7 plate armour (worn)
 w - a +2 pair of boots (worn)
 B - a +2 pair of gloves (worn)
Magical devices
 j - a wand of lightning (6)
 q - a wand of draining (3)
 x - a wand of hasting (0)
 A - a wand of polymorph (12)
 E - a wand of slowing (11)
 H - a wand of frost (12)
 K - a wand of magic darts (7)
 M - a wand of heal wounds (4)
 O - a wand of digging (4)
 P - a wand of enslavement (21)
 S - a wand of cold (8)
 X - a wand of confusion (8)
 Y - a wand of flame (13)
Comestibles
 f - 2 bread rations
 k - 17 meat rations
 v - 6 slices of pizza
 C - 3 royal jellies
 D - 4 beef jerkies
 J - 27 fruits
Scrolls
 e - 2 scrolls of immolation
 g - 11 scrolls of remove curse
 m - 32 scrolls of identify
 n - 2 scrolls of noise
 o - 4 scrolls of recharging
 W - a scroll of enchant weapon
Jewellery
 L - a ring of protection from cold (right hand)
 N - a ring of see invisible (left hand)
 Z - an amulet of resist corrosion (around neck)
Potions
 h - a potion of lignification
 i - a potion of magic
 s - 4 potions of curing
 u - 2 potions of berserk rage
 I - 3 potions of restore abilities
Miscellaneous
 y - a stone of tremors
 Q - a stone of tremors


   Skills:
 + Level 19.6 Fighting
 - Level 14.2 Staves
 + Level 17.0 Throwing
 + Level 19.4 Armour
 - Level 3.2 Dodging


You had 16 spell levels left.
You didn't know any spells.

Dungeon Overview and Level Annotations

Branches:
Dungeon (15/15)            Temple (1/1) D:7             Orc (4/4) D:11
    Elf (0/3) Orc:4          Lair (8/8) D:10         Shoals (0/5) Lair:3
  Snake (5/5) Lair:6        Slime (0/6) Lair:8       Vaults (0/5) D:13
 Depths (0/5) D:15

Altars:
Ashenzari
Cheibriados
Dithmenos
Elyvilon
Fedhas
Kikubaaqudgha
Makhleb
Nemelex Xobeh
Okawaru
Qazlal
Sif Muna
Trog
Vehumet
Xom
Yredelemnul
Zin
The Shining One
Beogh

Shops:
D:4 (   D:10 (   D:12 !(   Orc:2 [   Orc:4 :[(*   Snake:3 :

Annotations:
D:6 exclusion: downstairs
D:8 exclusion: downstairs, Pikel
D:10 exclusion: downstairs
Lair:1 exclusion: downstairs


Innate Abilities, Weirdness & Mutations

You reflexively headbutt those who attack you in melee.
You have a pair of horns on your head.
Your muscles are strong. (Str +2)


Message History

The naga ritualist begins to radiate toxic energy.
The naga ritualist constricts your polar bear.
The naga hits your polar bear with a glowing scimitar!
The salamander hits you with a glowing spear.
You are engulfed in flames!
Your polar bear bites the naga.
Your polar bear claws the naga but does no damage.
Your polar bear claws the naga.
Drink which item? (? for menu, Esc to quit)
You feel better.
You are poisoned.
Your polar bear dies!
Your polar bear's corpse disappears in a puff of smoke!
The salamander barely misses you.
The salamander hits you but does no damage.
Read which item? (? for menu, Esc to quit)
Charge which item? (? for menu, Esc to quit)
As you read the scroll of recharging, it crumbles to dust.
Your wand of heal wounds {empty} glows for a moment.
You feel sick.
You die...

. #..#. #..... ###
#.}....
....######......#
..................
.............#.....
......NNN............
.......NH)))........
......#####)%)...##
### #.(.(..# #..()).#
#..)().# ##..((##
#..()# #..(.#
####.#######


You could see 2 salamanders, a naga ritualist and a naga.

Table legend:
 A = Turns spent in this place as a percentage of turns spent in the entire game.
 B = Non-inter-level travel turns spent in this place as a percentage of non-inter-level travel turns spent in the entire game.
 C = Inter-level travel turns spent in this place as a percentage of turns spent in this place.
 D = Turns resting spent in this place as a percentage of non-inter-level travel turns spent in this place.
 E = Turns spent auto-exploring this place as a percentage of non-inter-level travel turns spent in this place.
 F = Non-inter-level travel turns spent in this place divided by the number of levels of this place that you've seen.
                   A       B       C       D       E      F
               +-------+-------+-------+-------+-------+----------------------
         Total | 100.0 | 100.0 |   0.9 |   3.1 |   9.1 | 697.8
       Dungeon |  37.2 |  37.1 |   1.3 |   4.1 |   9.9 | 603.5
        Temple |   0.1 |   0.1 |   3.0 |   0.0 |  12.5 |  32.0
  Orcish Mines |   7.2 |   7.2 |   0.6 |   3.3 |  11.6 | 440.8
          Lair |  19.1 |  19.0 |   1.4 |   3.0 |  10.5 | 581.0
     Snake Pit |  22.9 |  23.0 |   0.5 |   2.7 |   9.4 | 1124.6
       Ossuary |   1.2 |   1.2 |   0.0 |   1.3 |   6.3 | 303.0
      Ice Cave |  12.2 |  12.3 |   0.0 |   1.0 |   2.4 | 3000.0
               +-------+-------+-------+-------+-------+----------------------

Table legend:
 A = Kills in this place as a percentage of kills in entire the game.
 B = Kills by you in this place as a percentage of kills by you in the entire game.
 C = Kills by friends in this place as a percentage of kills by friends in the entire game.
 D = Other kills in this place as a percentage of other kills in the entire game.
 E = Experience gained in this place as a percentage of experience gained in the entire game.
 F = Experience gained in this place divided by the number of levels of this place that you have seen.
                   A       B       C       D       E      F
               +-------+-------+-------+-------+-------+----------------------
         Total | 100.0 | 100.0 | 100.0 | 100.0 | 100.0 | 7462.6
       Dungeon |  42.9 |  44.1 |  13.5 |  33.3 |  43.2 | 7515.4
  Orcish Mines |  15.1 |  15.0 |  17.3 |   0.0 |   5.5 | 3583.2
          Lair |  28.0 |  27.2 |  51.9 |   0.0 |  23.8 | 7784.0
     Snake Pit |  10.8 |  10.5 |  17.3 |  33.3 |  25.4 | 13264.8
       Ossuary |   1.4 |   1.4 |   0.0 |  33.3 |   0.0 | 121.0
      Ice Cave |   1.8 |   1.9 |   0.0 |   0.0 |   2.1 | 5410.0
               +-------+-------+-------+-------+-------+----------------------

Vanquished Creatures
  Rupert (Lair:5)
  Frances (D:14)
  2 greater nagas
  A fire giant (D:15)
  An orc warlord (Orc:4)
  Maud (D:15)
  Gastronok (Lair:2)
  A war gargoyle (D:15)
  A very ugly thing (D:15)
  2 vault guards (D:13)
  An ettin (D:15)
  A fire dragon (D:15)
  A yaktaur captain (D:15)
  The ghost of gw the Cruncher, a powerful MiGl of Okawaru (D:11)
  The ghost of gw the Cruncher, a powerful MiGl of Trog (D:11)
  Harold (Lair:2)
  10 naga warriors
  11 hydras
  Erica (Lair:6)
  5 anacondas
  A deep troll earth mage (D:15)
  5 centaur warriors (D:15)
  An orc high priest (Orc:3)
  The ghost of Malor the Basher, a powerful GrFi of Okawaru (Lair:2)
  4 shock serpents
  A death yak (Lair:6)
  5 naga sharpshooters
  Nergalle (D:14)
  A fire crab (shapeshifter) (D:15)
  4 skeletal warriors (D:11)
  15 wizards
  6 unseen horrors
  A deep elf summoner (D:14)
  An ice statue (IceCv)
  5 naga ritualists
  9 hill giants
  2 necromancers (D:13)
  2 flayed ghosts (D:15)
  2 wolf spiders (D:15)
  7 orc knights
  10 ugly things
  2 oklob plants (Lair:8)
  A phantasmal warrior (D:15)
  3 manticores
  3 cyclopes (D:15)
  10 mana vipers
  A sixfirhy (D:14)
  8 salamanders
  Maurice (D:9)
  26 black mambas
  13 elephants
  5 gargoyles
  A guardian serpent (Snake:5)
  13 naga magi
  An efreet (D:15)
  Psyche (D:8)
  13 spiny frogs
  A queen ant (Lair:7)
  An elf (shapeshifter) (D:15)
  2 fire drakes
  3 yaktaurs (D:15)
  A freezing wraith (D:15)
  8 trolls
  A hydra zombie (D:12)
  Grinder (D:4)
  A blue devil (Orc:4)
  4 komodo dragons
  A wind drake (shapeshifter) (D:15)
  7 polar bears
  23 blink frogs
  A giant leech (Lair:8)
  6 two-headed ogres
  3 slime creatures (D:15)
  4 shadows
  A redback (D:15)
  3 vampires
  8 basilisks
  18 humans (D:13)
  A trapdoor spider (D:12)
  42 yaks
  A hill giant zombie (D:15)
  2 ynoxinuls
  13 vampire mosquitoes
  Eustachio (D:9)
  8 deep elf magi
  8 hippogriffs
  Grum (D:8)
  2 wyverns
  A deep elf fighter (D:10)
  41 wolves
  3 wargs (Orc:4)
  Edmund (D:5)
  2 hungry ghosts
  47 nagas
  6 porcupines
  21 soldier ants
  A mottled dragon (D:12)
  25 water moccasins
  5 ice beasts
  5 black bears
  32 orc warriors
  3 phantoms
  8 spiders (D:11)
  A necrophage (D:10)
  8 sky beasts
  8 crocodiles
  16 centaurs
  2 slaves (D:8)
  10 ogres
  2 boring beetles
  Duvessa (D:6)
  4 big kobolds
  Blork the orc (D:6)
  33 giant frogs
  A cyclops zombie (D:15)
  A brain worm (D:15)
  2 eyes of draining
  10 scorpions
  2 hippogriff zombies
  A yak zombie (D:7)
  17 killer bees
  A tengu zombie (D:13)
  13 wights
  2 electric eels (Lair:8)
  2 giant frog zombies
  Dowan (D:6)
  A soldier ant zombie (D:12)
  2 centaur zombies
  2 goliath beetles
  A jelly (D:8)
  2 quasits
  16 orc priests
  12 crimson imps
  A centaur skeleton (D:6)
  19 hounds
  A black bear skeleton (D:3)
  5 human zombies (D:13)
  10 orc wizards
  4 human skeletons
  8 iguanas
  A spectral orc (D:14)
  28 worker ants
  29 sheep
  An ogre skeleton (D:6)
  6 mummies
  7 gnolls
  26 adders
  60 green rats
  2 shadow imps
  An orc skeleton (D:8)
  3 giant mites
  A worm (D:3)
  12 white imps (Orc:3)
  An adder zombie (D:10)
  3 giant geckos
  3 oozes
  173 orcs
  A bat zombie (D:5)
  7 giant cockroaches
  31 goblins
  25 hobgoblins
  13 jackals
  21 kobolds
  9 bats
  2 giant newts
  3 goblin skeletons
  A hobgoblin zombie (D:6)
  2 kobold skeletons (Ossuary)
  A kobold zombie (D:6)
  2 orc zombies
  15 quokkas
  14 rats
  11 rat skeletons (Ossuary)
  3 ballistomycetes (D:15)
  4 fungi
  6 plants
1360 creatures vanquished.

Vanquished Creatures (collateral kills)
  2 naga warriors (Snake:5)
  2 death yaks (Lair:6)
  3 naga sharpshooters (Snake:5)
  3 orc high priests (Orc:4)
  2 skeletal warriors
  2 orc knights
  An orc sorcerer (Orc:4)
  A griffon (D:15)
  An oklob plant (Lair:8)
  A salamander (Snake:5)
  A black mamba (Lair:8)
  4 elephants (Lair:8)
  A spiny frog (Lair:8)
  3 vampire mosquitoes (Lair:8)
  4 wolves (Lair:1)
  A chaos spawn (D:14)
  2 nagas (Snake:5)
  A water moccasin (Snake:5)
  A sky beast (D:14)
  3 orc warriors (Orc:4)
  7 giant frogs
  2 electric eels (Lair:8)
  A tengu skeleton (D:15)
  3 hounds
  An orc (Orc:4)
53 creatures vanquished.

Vanquished Creatures (others)
  An unseen horror (D:15)
  A hill giant (Orc:4)
  3 trolls
  2 polar bears
  2 two-headed ogres
  A basilisk (shapeshifter) (D:15)
  A yak (IceCv)
  A naga (Snake:4)
  5 wolves (IceCv)
  5 ogres
  A mummy (Ossuary)
  A giant spore (D:15)
  9 fungi
  2 plants
35 creatures vanquished.

Grand Total: 1448 creatures vanquished

Notes
Turn   | Place    | Note
--------------------------------------------------------------
     0 | D:1      | gw, the Minotaur Gladiator, began the quest for the Orb.
     0 | D:1      | Reached XP level 1. HP: 18/18 MP: 1/1
   167 | D:1      | Reached XP level 2. HP: 25/25 MP: 1/1
   727 | D:2      | Reached skill level 4 in Staves
   727 | D:2      | Reached skill level 1 in Armour
   727 | D:2      | Reached XP level 3. HP: 31/31 MP: 2/2
  1852 | D:3      | Reached XP level 4. HP: 38/38 MP: 2/2
  2619 | D:4      | Found Womn's Antique Weapon Boutique.
  2723 | D:4      | Reached skill level 5 in Staves
  2723 | D:4      | Reached XP level 5. HP: 40/46 MP: 2/2
  3134 | D:4      | Noticed Grinder
  3428 | D:4      | Paralysed by Grinder for 4 turns
  3434 | D:4      | Paralysed by Grinder for 5 turns
  3452 | D:4      | Paralysed by Grinder for 2 turns
  3458 | D:4      | Killed Grinder
  3458 | D:4      | Reached skill level 6 in Staves
  3458 | D:4      | Reached XP level 6. HP: 14/53 MP: 3/3
  3838 | D:5      | Entered Level 5 of the Dungeon
  3847 | D:5      | Noticed Edmund
  3897 | D:5      | Killed Edmund
  3897 | D:5      | Reached XP level 7. HP: 50/60 MP: 3/3
  3982 | D:5      | Reached skill level 5 in Fighting
  4278 | D:5      | Reached skill level 7 in Staves
  4302 | D:5      | Found a sand-covered staircase.
  4308 | Ossuary  | Entered an ossuary
  4503 | Ossuary  | Noticed gw's ghost (experienced MiGl)
  4650 | D:5      | Reached XP level 8. HP: 57/70 MP: 3/3
  4727 | D:5      | Reached skill level 5 in Armour
  4769 | D:5      | Reached skill level 8 in Staves
  5299 | D:5      | Gained mutation: You can breathe flames. [potion of mutation]
  5299 | D:5      | Lost mutation: You can breathe flames. [potion of mutation]
  5299 | D:5      | Gained mutation: Your muscles are strong. (Str +2) [potion of mutation]
  5363 | D:6      | Noticed Dowan
  5364 | D:6      | Noticed Duvessa
  5373 | D:6      | Killed Duvessa
  5373 | D:6      | Reached skill level 5 in Throwing
  5380 | D:6      | Killed Dowan
  5717 | D:6      | Reached skill level 9 in Staves
  5845 | D:6      | Noticed Blork the orc
  5856 | D:6      | Killed Blork the orc
  6167 | D:6      | Reached XP level 9. HP: 76/79 MP: 4/4
  6449 | D:6      | Reached skill level 10 in Staves
  6740 | D:7      | Found a staircase to the Ecumenical Temple.
  6757 | Temple   | Entered the Ecumenical Temple
  6850 | Temple   | Became a worshipper of Trog the Wrathful
  7222 | D:7      | Acquired Trog's first power
  7773 | D:7      | Identified a scroll of acquirement
  7805 | D:8      | Noticed Pikel
  7887 | D:8      | Noticed Grum
  7893 | D:8      | Reached skill level 11 in Staves
  7898 | D:8      | Killed Grum
  8356 | D:8      | Acquired Trog's second power
  8364 | D:8      | Reached XP level 10. HP: 31/88 MP: 4/4
  8742 | D:8      | Noticed Psyche
  8748 | D:8      | Killed Psyche
  9406 | D:9      | Noticed Maurice
  9540 | D:9      | Reached skill level 12 in Staves
  9911 | D:9      | Noticed Eustachio
  9926 | D:9      | Killed Eustachio
 10210 | D:9      | Killed Maurice
 10336 | D:10     | Entered Level 10 of the Dungeon
 10383 | D:10     | Found a burning altar of Makhleb.
 10398 | D:10     | Found Kloukkei's Weapon Boutique.
 10563 | D:10     | Found a staircase to the Lair.
 10601 | D:10     | Received a gift from Trog
 11017 | D:10     | Reached skill level 13 in Staves
 11025 | D:10     | Reached XP level 11. HP: 87/97 MP: 4/4
 11047 | D:10     | Acquired Trog's third power
 11964 | D:11     | Noticed a hill giant
 11967 | D:11     | Killed a hill giant
 12121 | D:11     | Noticed a skeletal warrior
 12124 | D:11     | Noticed a skeletal warrior
 12132 | D:11     | Killed a skeletal warrior
 12132 | D:11     | Reached skill level 10 in Fighting
 12173 | D:11     | Noticed a skeletal warrior
 12188 | D:11     | Killed a skeletal warrior
 12194 | D:11     | Noticed a skeletal warrior
 12206 | D:11     | Killed a skeletal warrior
 12210 | D:11     | Killed a skeletal warrior
 12214 | D:11     | Noticed a skeletal warrior
 12350 | D:11     | Reached skill level 14 in Staves
 12350 | D:11     | Reached skill level 10 in Armour
 12537 | D:11     | Killed an unseen horror
 12710 | D:11     | Killed an unseen horror
 13064 | D:11     | Found a staircase to the Orcish Mines.
 13173 | D:11     | Received a gift from Trog
 13284 | D:11     | Noticed gw's ghost (powerful MiGl)
 13306 | D:11     | Killed gw's ghost
 13306 | D:11     | Reached XP level 12. HP: 102/110 MP: 5/5
 13538 | D:11     | Received a gift from Trog
 13556 | D:11     | Killed a skeletal warrior
 13687 | D:11     | Noticed gw's ghost (powerful MiGl)
 13698 | D:11     | Killed gw's ghost
 14108 | Lair:1   | Entered Level 1 of the Lair of Beasts
 14265 | Lair:1   | Received a gift from Trog
 14303 | Lair:1   | Reached skill level 10 in Throwing
 14869 | Lair:1   | Received a gift from Trog
 15490 | Lair:2   | Noticed Malor's ghost (powerful GrFi)
 15503 | Lair:2   | Killed Malor's ghost
 15742 | Lair:2   | Noticed Harold
 15751 | Lair:2   | Killed Harold
 15976 | Lair:2   | Noticed Gastronok
 15989 | Lair:2   | Killed Gastronok
 16287 | Lair:2   | Received a gift from Trog
 16463 | Lair:3   | Found a staircase to the Shoals.
 16713 | Lair:3   | Reached XP level 13. HP: 119/119 MP: 5/5
 16941 | Lair:3   | Received a gift from Trog
 17961 | Lair:4   | Received a gift from Trog
 18303 | Lair:4   | Received a gift from Trog
 18687 | Lair:5   | Noticed Rupert
 18698 | Lair:5   | Killed Rupert
 19939 | Lair:6   | Noticed Erica
 19950 | Lair:6   | Killed Erica
 20340 | Lair:6   | Found a staircase to the Snake Pit.
 20918 | Lair:6   | Received a gift from Trog
 21236 | Lair:7   | Received a gift from Trog
 21606 | Lair:7   | Received a gift from Trog
 21704 | Lair:7   | Received a gift from Trog
 21839 | Lair:7   | Received a gift from Trog
 21964 | Lair:7   | Reached XP level 14. HP: 133/133 MP: 5/5
 22472 | Lair:8   | Entered Level 8 of the Lair of Beasts
 22657 | Lair:8   | Received a gift from Trog
 22697 | Lair:8   | Reached skill level 15 in Fighting
 22934 | Lair:8   | Found a staircase to the Slime Pits.
 23582 | Lair:8   | Reached skill level 15 in Armour
 23716 | Lair:8   | HP: 4/135 [vampire mosquito (7)]
 24196 | Lair:8   | Received a gift from Trog
 25436 | D:12     | Found Zyusoumy's Distillery.
 25584 | D:12     | Found Ynifa's Antique Weapon Shoppe.
 25617 | D:12     | Received a gift from Trog
 25638 | D:12     | Found a burning altar of Makhleb.
 26135 | D:12     | Received a gift from Trog
 26268 | Orc:1    | Entered Level 1 of the Orcish Mines
 26563 | Orc:2    | Found Mifi's Antique Armour Emporium.
 26573 | Orc:2    | Received a gift from Trog
 26801 | Orc:2    | Found a roughly hewn altar of Beogh.
 26857 | Orc:2    | Received a gift from Trog
 27433 | Orc:3    | Found a shimmering altar of Xom.
 27442 | Orc:3    | Found a frozen archway.
 27449 | Orc:3    | Received a gift from Trog
 27563 | IceCv    | Entered an ice cave
 27573 | IceCv    | Received a gift from Trog
 27617 | IceCv    | Reached skill level 16 in Fighting
 28012 | IceCv    | Received a gift from Trog
 28596 | Orc:3    | Reached XP level 15. HP: 135/144 MP: 6/6
 28627 | Orc:3    | Found a roughly hewn altar of Beogh.
 28914 | Orc:4    | Entered Level 4 of the Orcish Mines
 29062 | Orc:4    | Found Ceofom's General Store.
 29071 | Orc:4    | Received a gift from Trog
 29540 | Orc:4    | Found Klounu's Antique Armour Boutique.
 29963 | Orc:4    | Received a gift from Trog
 29992 | Orc:4    | Found Twynax's Book Emporium.
 30042 | Orc:4    | Received a gift from Trog
 30359 | Orc:4    | Got a warped lajatang {god gift}
 30360 | Orc:4    | Identified the +9 lajatang of Orb Guardian's Bane {slice, Dex+2} (Trog gifted it to you on level 4 of the Orcish Mines)
 30450 | Orc:4    | Found a staircase to the Elven Halls.
 30450 | Orc:4    | Found Ecaug's Antique Weapon Shop.
 32013 | D:13     | Found a gate to the Vaults.
 32830 | D:14     | Received a gift from Trog
 32898 | D:14     | Reached skill level 17 in Fighting
 33062 | D:14     | Noticed Frances
 33085 | D:14     | Killed Frances
 33622 | D:14     | Noticed Nergalle
 33642 | D:14     | Killed Nergalle
 34068 | D:14     | Reached skill level 15 in Throwing
 34750 | D:15     | Entered Level 15 of the Dungeon
 34984 | D:15     | Reached XP level 16. HP: 155/155 MP: 6/6
 35045 | D:15     | Found a glowing golden altar of the Shining One.
 35045 | D:15     | Found a deep blue altar of Sif Muna.
 35045 | D:15     | Found a shattered altar of Ashenzari.
 35057 | D:15     | Received a gift from Trog
 35385 | D:15     | Found a staircase to the Depths.
 35714 | D:15     | Noticed Maud
 35734 | D:15     | Killed Maud
 36260 | D:15     | Reached skill level 18 in Fighting
 37240 | D:15     | Received a gift from Trog
 37787 | Snake:1  | Entered Level 1 of the Snake Pit
 38039 | Snake:1  | Received a gift from Trog
 38399 | Snake:1  | Received a gift from Trog
 39858 | Snake:2  | Found a snail-covered altar of Cheibriados.
 40696 | Snake:2  | Reached XP level 17. HP: 166/166 MP: 6/6
 41684 | Snake:3  | Received a gift from Trog
 41875 | Snake:3  | Reached skill level 19 in Fighting
 42058 | Snake:3  | Found Serav's Book Shoppe.
 42577 | Snake:3  | Received a gift from Trog
 44049 | Snake:4  | Received a gift from Trog
 45047 | Snake:5  | Entered Level 5 of the Snake Pit
 45072 | Snake:5  | Received a gift from Trog
 45370 | Snake:5  | Received a gift from Trog
 45404 | Snake:5  | HP: 7/168 [salamander/glowing spear (14)]
 45406 | Snake:5  | Killed from afar by a naga ritualist

Action                   |  1- 3 |  4- 6 |  7- 9 | 10-12 | 13-15 | 16-18 || total
-------------------------+-------+-------+-------+-------+-------+-------++-------
Melee: Quarterstaff      |    91 |    93 |   270 |       |       |       ||   454
       Lajatang          |       |       |    54 |   520 |  1288 |   597 ||  2459
Throw: Stone             |    60 |    50 |   170 |    85 |       |       ||   365
       Tomahawk          |       |       |    44 |    68 |   234 |    93 ||   439
       Javelin           |       |       |    20 |   163 |   379 |    61 ||   623
Invok: Berserk           |       |       |     1 |     7 |    14 |     9 ||    31
       Trog's Hand       |       |       |       |     7 |    12 |     7 ||    26
       Brothers in Arms  |       |       |       |     5 |    17 |     8 ||    30
Evoke: Wand              |       |       |     4 |     1 |    13 |     7 ||    25
  Use: Scroll            |     8 |     8 |    10 |     5 |    17 |     3 ||    51
       Potion            |     5 |     3 |    11 |     3 |    16 |     5 ||    43
 Stab: Distracted        |       |       |       |       |     1 |       ||     1
  Eat: Chunk             |     3 |     6 |    16 |    29 |    64 |    16 ||   134
       Bread ration      |       |       |       |     1 |     3 |     6 ||    10
       Fruit             |       |       |       |     3 |       |       ||     3

Vault maps used:
D:1:      lightli_arrival_statue_moat
D:3:      serial_forest, infiniplex_forest_end_3, infiniplex_forest_lined_ring,
          infiniplex_forest_clump_small, infiniplex_forest_lined_room_,
          infiniplex_forest_clump_small, infiniplex_forest_clump_medium,
          infiniplex_forest_clump_diagonal, infiniplex_forest_clump_long
D:4:      first_bread, serial_shops, nicolae_shop_waterfront, uniq_grinder
D:5:      enter_ossuary_3, hangedman_abyss_or_decor_stabs, uniq_edmund
D:6:      minivault_25, uniq_duvessa, uniq_blork_the_orc
D:7:      temple_green
D:8:      uniq_grum, uniq_psyche, uniq_pikel
D:9:      uniq_maurice, uniq_eustachio
D:10:     dpeg_lair_monsters, basic_altar, serial_shops, nicolae_shop_stone,
          hangedman_stone_soup
D:11:     orc_0_dummy, spider_trap, kennysheep_another_room
D:12:     serial_shops, nicolae_shop_waterfront, shop, makhleb_altar_promises_db
D:13:     grunt_vaults_entry_tiered
D:14:     minmay_tri_stars, hangedman_decor_points, uniq_frances, uniq_nergalle
D:15:     hangedman_slaughterboxes, uniq_maud
Temple:   kilobyte_greek_temple_18
Orc:1:    serial_shops, nicolae_shop_statue_plus
Orc:2:    nicolae_orc_accident_2, serial_shops, shop
Orc:3:    basic_altar, portal_ice_cave_entry_imps, nicolae_orc_pool_cavern,
          bh_open_orc_temple
Orc:4:    grunt_orc_gardens, grunt_orc_garden, grunt_orc_garden,
          grunt_orc_garden, grunt_orc_garden
Lair:1:   beast_lair_carwin_large_4, grunt_megastairs_1
Lair:2:   minmay_lair_goldilocks, uniq_harold, uniq_gastronok
Lair:3:   shoals_dummy_entry
Lair:4:   st_stairs_10
Lair:5:   infiniplex_staircase_pool_2, lemuel_fruit_tree, serial_bayou_shore_b,
          uniq_rupert
Lair:6:   minmay_snake_entry_guardpost_large, lab_entry_generic, uniq_erica
Lair:7:   minivault_29
Lair:8:   minmay_lair_end_frog_pond, minmay_slime_entry_oklob_open
Snake:2:  basic_altar
Snake:3:  serial_shops, shop
Snake:4:  baited_tele_trap
Snake:5:  minmay_snake_end_coiled, st_stairs_5, uniq_nikola
Ossuary:  ossuary_due_small_catacomb
IceCv:    ice_cave_caverns_02
